 Dungeon Sprint DCSS version 0.31-a0-37-g98a128e1d9 (webtiles) character file.

Game seed: 14251713898144791220

23466 bmack86 the Executioner (level 12, -15/124 (129) HPs)
             Began as a Minotaur Fighter on May 15, 2023.
             Was the Champion of Trog.
             Killed by vampiric draining
             ... invoked by a vampire mage
              (27 damage)
             ... in the Dungeon (Sprint IX: "|||||||||||||||||||||||||||||").
             The game lasted 00:14:34 (1911 turns).

bmack86 the Executioner (Minotaur Fighter)          Turns: 1911, Time: 00:14:34

HP:   -15/124 (129) AC: 25    Str: 26    XL:     12   Next: 72%
MP:   11/11         EV:  9    Int:  5    God:    Trog [******]
Gold: 1136          SH: 19    Dex: 13    Spells: 11/11 levels left

rFire   + + .        s - +8 broad axe (heavy)
rCold   x . .        G - +1 tower shield
rNeg    . . .        F - +1 fire dragon scales
rPois   .            (helmet restricted)
rElec   .            n - +2 cloak
rCorr   .            b - +0 pair of gloves
SInv    .            t - +0 pair of boots
Will    .....        (no amulet) Stlth
                     p - +2 ring of protection
HPRegen 0.40/turn    q - +3 ring of dexterity
MPRegen 0.12/turn

%: no teleportation
@: mighty, on berserk cooldown, hasted, lightly drained, very quick
A: horns 2, retaliatory headbutt
a: Renounce Religion, Berserk, Trog's Hand, Brothers in Arms


You were in the Dungeon.
You worshipped Trog.
Trog was exalted by your worship.
You visited 1 branch You collected 1832 gold pieces.
You spent 696 gold pieces at shops.

Inventory:

Hand Weapons
 a - a +1 antimagic war axe
 l - a +1 broad axe of freezing
 m - the +12 glaive of Prune {freeze, Prune}
   (You found it in the Dungeon)

   Prune:     It halves damage taken while paralysed, petrified or unconscious.
 s - a +8 heavy broad axe (weapon)
 v - a +3 battleaxe
 x - a +2 antimagic mace
 E - a +0 executioner's axe
Missiles
 u - 5 curare-tipped darts
 w - 4 throwing nets
Armour
 b - a +0 pair of gloves (worn)
 c - a +0 buckler
 g - a +4 plate armour
 n - a +2 cloak (worn)
 t - a +0 pair of boots (worn)
 F - +1 fire dragon scales (worn)
 G - a +1 tower shield (worn)
Jewellery
 p - a +2 ring of protection (left hand)
 q - a +3 ring of dexterity (right hand)
 z - a +6 ring of intelligence
 B - a ring of protection from cold
 C - a ring of fire
 D - a ring of magical power
Wands
 k - a wand of iceblast (10) (quivered)
 y - a wand of charming (9)
Scrolls
 j - 3 scrolls of blinking
 H - a scroll of fear
Potions
 d - 2 potions of might
 e - 9 potions of curing
 f - 8 potions of heal wounds
 h - 4 potions of magic
 i - a potion of invisibility
 o - 2 potions of cancellation
 A - a potion of flight {unknown}


   Skills:
 + Level 18.9 Fighting
 - Level 24.0 Axes
 + Level 18.9 Armour
 - Level 15.0 Shields
 - Level 8.0 Evocations


You had 11 spell levels left.
You didn't know any spells.
Your spell library was empty.

Dungeon Overview and Level Annotations

Branches:
Dungeon (1/1)

Altars:
Cheibriados
Dithmenos
Elyvilon
Fedhas
Gozag
Hepliaklqana
Kikubaaqudgha
Makhleb
Nemelex Xobeh
Okawaru
Qazlal
Ru
Sif Muna
Trog
Uskayaw
Vehumet
Wu Jian
Xom
Yredelemnul
Zin
The Shining One
Jiyva
Lugonu

Shops:
D [![*


Innate Abilities, Weirdness & Mutations

You have a pair of horns on your head.
You reflexively headbutt those who attack you in melee.


Message History

The fire dragon is moderately wounded.
The fire dragon barely misses you. You furiously retaliate!
You headbutt the fire dragon! You block the fire dragon's attack.
The fire dragon tramples you.
You stumble backwards!
You barely miss the fire dragon. Your headbutt misses the fire dragon.
The fire dragon is heavily wounded.
You feel yourself speed up. You block the fire dragon's attack.
The fire dragon claws you but does no damage.
The fire dragon tramples you but does no damage.
Unknown command.
You chop the fire dragon into pieces!!!
You headbutt the fire dragon, but do no damage.
The fire dragon is almost dead.
You block the fire dragon's attack.
The fire dragon claws you but does no damage.
You block the fire dragon's attack.
The vampire mage casts a spell.
The vampire mage flickers and vanishes!
Deactivating autopickup; reactivate with Ctrl-A.
You hit the fire dragon. Your headbutt misses the fire dragon.
The fire dragon is almost dead.
You chop the fire dragon into pieces!!!
You kill the fire dragon!
Trog accepts your kill.
Unknown command.
You slice something like a ripe choko!!!
Your headbutt misses something. Something draws life force from you!
* * * LOW HITPOINT WARNING * * *
You barely miss something. You block something's attack.
Something bites you but does no damage.
Unknown command.
You completely miss something.
You hear some strange, mumbled words.
A bolt of negative energy appears from out of thin air!
The bolt of negative energy hits you!!
You feel drained.
* * * LOW HITPOINT WARNING * * *
You barely miss something. Your headbutt misses something. You hit something.
Something draws life force from you!!
You die...

▓.▓.▓.▓.▓.▓.▓_▓
▓.▓.▓.▓.▓.▓.▓_▓
▓.▓.▓)▓.▓.▓.▓_▓
▓.▓.▓)▓.▓.▓.▓_▓
▓)▓.▓)▓.▓'▓.▓'▓
▓†▓.▓)▓.▓.▓.▓.▓
▓)▓.▓)▓.▓.▓.▓?▓
▓)▓.▓.▓.▓†▓.▓)▓
▓@▓.▓.▓.▓†▓.▓.▓
▓{▓.▓∩▓.▓.▓.▓[▓
▓Z▓.▓.▓.▓.▓.▓.▓
▓Z▓.▓∩▓.▓.▓.▓.▓
▓.▓.▓)▓.▓.▓.▓.▓
▓.▓.▓∩▓.▓!▓.▓.▓
▓.▓.▓)▓.▓[▓.▓)▓
▓.▓.▓∩▓.▓[▓.▓)▓
▓.▓.▓)▓.▓[▓.▓)▓


You could see a ball python simulacrum (summoned) and a bat skeleton (summoned).

Vanquished Creatures
  A tengu reaver (D)
  2 stone giants (D)
  A fire dragon (D)
  2 hydras (D)
  An ice dragon (D)
  Erolcha (D)
  A centaur warrior (D)
  Harold (D)
  2 boulder beetles (D)
  A two-headed ogre (D)
  Erica (D)
  2 tengu warriors (D)
  An orc high priest (D)
  A deep troll earth mage (D)
  Sonja (D)
  2 orc knights (D)
  6 orc sorcerers (D)
  A cyclops (D)
  An ugly thing (D)
  Maurice (D)
  2 black mambas (D)
  2 komodo dragons (D)
  3 cane toads (D)
  An unseen horror (D)
  2 rime drakes (D)
  A meliai (D)
  2 slime creatures (D)
  A yak (D)
  2 wyverns (D)
  An acid dragon (D)
  A hell hound (D)
  A warg (D)
  5 water moccasins (D)
  15 orc warriors (D)
  A boggart (D)
  7 wolves (D)
  A centaur (D)
  3 orc priests (D)
  A gnoll bouda (D)
  7 orc wizards (D)
  An adder (D)
  A white imp (D)
  A worm (D)
  A dart slug (D)
  An adder simulacrum (D)
  5 orcs (D)
  A ball python (D)
  An endoplasm (D)
  2 goblins (D)
103 creatures vanquished.

Vanquished Creatures (others)
  A wizard (D)
  An orc wizard (D)
2 creatures vanquished.

Grand Total: 105 creatures vanquished

Notes
Turn   | Place    | Note
-------+----------+-------------------------------------------
     0 | D        | bmack86 the Minotaur Fighter began the quest for the Orb.
     0 | D        | Reached XP level 1. HP: 19/19 MP: 0/0
     7 | D        | Reached skill level 3 in Axes
    16 | D        | Reached XP level 2. HP: 25/27 MP: 1/1
    22 | D        | Noticed a centaur
    26 | D        | Reached skill level 4 in Axes
    39 | D        | Reached skill level 5 in Fighting
    39 | D        | Reached skill level 5 in Axes
    39 | D        | Reached skill level 5 in Armour
    39 | D        | Reached skill level 5 in Shields
    39 | D        | Reached XP level 3. HP: 14/36 MP: 2/2
    41 | D        | Killed a centaur
    42 | D        | Reached skill level 7 in Axes
    42 | D        | Reached XP level 4. HP: 17/45 MP: 3/3
    87 | D        | Found a snail-covered altar of Cheibriados.
    87 | D        | Found a shadowy altar of Dithmenos.
    87 | D        | Found a white marble altar of Elyvilon.
    87 | D        | Found a blossoming altar of Fedhas.
    87 | D        | Found an opulent altar of Gozag.
    88 | D        | Found a hazy altar of Hepliaklqana.
    89 | D        | Found a viscous altar of Jiyva.
    90 | D        | Found an ancient bone altar of Kikubaaqudgha.
    91 | D        | Found a corrupted altar of Lugonu.
    92 | D        | Found a burning altar of Makhleb.
    93 | D        | Found a sparkling altar of Nemelex Xobeh.
    94 | D        | Found an iron altar of Okawaru.
    95 | D        | Found a stormy altar of Qazlal.
    96 | D        | Found a sacrificial altar of Ru.
    97 | D        | Found a shimmering blue altar of Sif Muna.
    98 | D        | Found a bloodstained altar of Trog.
    99 | D        | Found a hide-covered altar of Uskayaw.
   100 | D        | Found a radiant altar of Vehumet.
   101 | D        | Found an ornate altar of the Wu Jian Council.
   102 | D        | Found a shimmering altar of Xom.
   103 | D        | Found a basalt altar of Yredelemnul.
   104 | D        | Found a glowing silver altar of Zin.
   105 | D        | Found a glowing golden altar of the Shining One.
   108 | D        | Became a worshipper of Trog the Wrathful
   183 | D        | Found the +12 glaive of Prune {freeze, Prune}
   225 | D        | Noticed a two-headed ogre
   225 | D        | Noticed an acid dragon
   225 | D        | Noticed an orc warrior
   225 | D        | Noticed a wyvern
   225 | D        | Noticed an orc warrior
   225 | D        | Noticed an orc warrior
   228 | D        | Killed a two-headed ogre
   229 | D        | Reached skill level 12 in Axes
   229 | D        | Reached XP level 5. HP: 14/57 MP: 4/4
   229 | D        | Reached XP level 6. HP: 16/64 MP: 5/5
   229 | D        | Reached XP level 7. HP: 18/70 MP: 6/6
   243 | D        | Reached * piety under Trog
   244 | D        | Reached skill level 10 in Fighting
   244 | D        | Reached skill level 13 in Axes
   244 | D        | Reached skill level 10 in Armour
   244 | D        | Reached skill level 10 in Shields
   248 | D        | Killed a wyvern
   249 | D        | Reached XP level 8. HP: 29/79 MP: 7/7
   255 | D        | Reached ** piety under Trog
   434 | D        | Noticed a centaur warrior
   434 | D        | Noticed a cyclops
   434 | D        | Noticed a seven-headed hydra
   434 | D        | Noticed a slime creature
   434 | D        | Noticed a meliai
   440 | D        | Killed a centaur warrior
   441 | D        | Reached skill level 15 in Axes
   445 | D        | Killed a cyclops
   446 | D        | Reached XP level 9. HP: 55/90 MP: 8/8
   449 | D        | Killed an unseen horror
   450 | D        | Reached skill level 16 in Axes
   452 | D        | Killed a ten-headed hydra
   452 | D        | Reached *** piety under Trog
   456 | D        | Killed a meliai
   457 | D        | Reached skill level 17 in Axes
   761 | D        | Noticed a cane toad
   761 | D        | Noticed a cane toad
   761 | D        | Noticed a rime drake
   762 | D        | Noticed a cane toad
   765 | D        | Killed a cane toad
   765 | D        | Reached **** piety under Trog
   766 | D        | Noticed a rime drake
   767 | D        | Killed a cane toad
   768 | D        | Reached XP level 10. HP: 101/101 MP: 9/9
   774 | D        | Reached skill level 18 in Axes
   779 | D        | Killed a cane toad
   779 | D        | Reached ***** piety under Trog
   841 | D        | Noticed a black mamba
   841 | D        | Noticed a boulder beetle
   858 | D        | Killed a black mamba
   859 | D        | Reached skill level 1 in Evocations
   859 | D        | Noticed a black mamba
   863 | D        | Killed a boulder beetle
   864 | D        | Reached skill level 19 in Axes
   869 | D        | Received a gift from Trog
   884 | D        | Killed a black mamba
  1119 | D        | Reached XP level 11. HP: 111/111 MP: 10/10
  1122 | D        | Received a gift from Trog
  1125 | D        | Reached ****** piety under Trog
  1227 | D        | Noticed Erolcha
  1235 | D        | Killed Erolcha
  1236 | D        | Reached skill level 20 in Axes
  1349 | D        | Noticed a stone giant
  1349 | D        | Noticed a stone giant
  1353 | D        | Noticed an orc knight
  1357 | D        | Killed a stone giant
  1357 | D        | Received a gift from Trog
  1358 | D        | Reached skill level 15 in Fighting
  1358 | D        | Reached skill level 15 in Armour
  1358 | D        | Reached skill level 15 in Shields
  1363 | D        | Killed a stone giant
  1364 | D        | Reached skill level 5 in Evocations
  1374 | D        | Killed an orc knight
  1392 | D        | Received a gift from Trog
  1393 | D        | Reached skill level 21 in Axes
  1456 | D        | Received a gift from Trog
  1460 | D        | Noticed an orc high priest
  1471 | D        | Noticed a soul eater
  1471 | D        | Noticed a sun demon
  1475 | D        | Noticed a soul eater
  1475 | D        | Killed an orc high priest
  1493 | D        | Found Vuderes's Antique Armour Emporium.
  1493 | D        | Noticed an orc sorcerer
  1493 | D        | Noticed an orc sorcerer
  1494 | D        | Killed an orc sorcerer
  1494 | D        | Received a gift from Trog
  1501 | D        | Killed an orc sorcerer
  1504 | D        | Noticed an orc sorcerer
  1505 | D        | Found Arem Keps's Distillery.
  1506 | D        | Noticed an orc sorcerer
  1510 | D        | Received a gift from Trog
  1515 | D        | Paralysed by an orc sorcerer for 2 turns
  1517 | D        | Killed an orc sorcerer
  1519 | D        | Killed an orc sorcerer
  1520 | D        | Reached skill level 22 in Axes
  1520 | D        | Found Wuud's Antique Armour Emporium.
  1524 | D        | Found Amexug's Assorted Antiques.
  1543 | D        | Noticed an orc sorcerer
  1544 | D        | Noticed an orc sorcerer
  1553 | D        | Noticed a sixfirhy
  1555 | D        | Killed an orc sorcerer
  1555 | D        | Received a gift from Trog
  1558 | D        | Paralysed by an orc sorcerer for 3 turns
  1563 | D        | Killed an orc sorcerer
  1580 | D        | Bought a pair of gloves for 94 gold pieces
  1587 | D        | Bought a potion of heal wounds for 50 gold pieces
  1587 | D        | Bought a potion of curing for 30 gold pieces
  1587 | D        | Bought a potion of cancellation for 80 gold pieces
  1587 | D        | Bought a potion of haste for 100 gold pieces
  1587 | D        | Bought a potion of cancellation for 80 gold pieces
  1587 | D        | Bought a potion of might for 40 gold pieces
  1587 | D        | Bought a potion of curing for 30 gold pieces
  1589 | D        | Bought a pair of boots for 108 gold pieces
  1598 | D        | Bought a scroll labelled TAC XISUSAOMOACW for 30 gold
                  | pieces
  1598 | D        | Bought a clear potion for 27 gold pieces
  1598 | D        | Bought a golden potion for 27 gold pieces
  1670 | D        | Noticed Erica
  1675 | D        | Killed Erica
  1676 | D        | Reached XP level 12. HP: 117/124 MP: 11/11
  1678 | D        | Noticed Sonja
  1680 | D        | Killed Sonja
  1680 | D        | Received a gift from Trog
  1692 | D        | Noticed Harold
  1692 | D        | Noticed Maurice
  1697 | D        | Killed Harold
  1701 | D        | Killed Maurice
  1860 | D        | Noticed a six-headed hydra
  1860 | D        | Noticed a tengu warrior
  1864 | D        | Killed a nine-headed hydra
  1865 | D        | Reached skill level 23 in Axes
  1866 | D        | Received a gift from Trog
  1867 | D        | Noticed a boulder beetle
  1871 | D        | Killed a tengu warrior
  1877 | D        | Noticed a deep troll earth mage
  1882 | D        | Noticed a tengu warrior
  1883 | D        | Noticed an ice dragon
  1885 | D        | Noticed a tengu reaver
  1887 | D        | Noticed a fire dragon
  1888 | D        | Killed a deep troll earth mage
  1888 | D        | Received a gift from Trog
  1889 | D        | Noticed a vampire mage
  1892 | D        | Killed a boulder beetle
  1893 | D        | Killed a tengu warrior
  1894 | D        | Reached skill level 24 in Axes
  1896 | D        | Killed an ice dragon
  1899 | D        | Killed a tengu reaver
  1899 | D        | Received a gift from Trog
  1906 | D        | Killed a fire dragon
  1911 | D        | Killed from afar by a vampire mage

Illustrated notes

Levels and vault maps discovered:
D:        linesprint [early_d, line_temple, items_1, d_10, items_2, lair_1,
          lair_end, items_3, orc_1, orc_end, items_4, d_15, swamp_1, shoals_1,
          snake_1, spider_1, d_20, vaults_1, items_5, swamp_end, shoals_end,
          snake_end, spider_end, vaults_end, d_27, items_6, zot_1, zot_end,
          crypt_end, forest_end, elf_end, slime_end, tomb_end, abyss_end,
          pan_hell_end]

Skill      XL: |  1  2  3  4  5  6  7  8  9 10 11 12 |
---------------+-------------------------------------+-----
Axes           | 3 5 7 12 13 15 17 19 22 24 | 24.0
Fighting       | 4 5 6 9 10 11 13 14 16 18 | 18.9
Armour         | 4 5 6 9 10 11 13 14 16 18 | 18.9
Shields        | 4 5 6 9 10 11 13 14 15 | 15.0
Evocations     | 3 7 8 |  8.0

Action                     |  1- 3 |  4- 6 |  7- 9 | 10-12 || total
---------------------------+-------+-------+-------+-------++-------
  Melee: War axe           |    29 |     5 |       |       ||    34
         Headbutt          |     2 |       |    15 |    54 ||    71
         Broad axe         |       |     3 |    43 |   234 ||   280
 Invoke: Berserk           |       |       |     2 |     6 ||     8
    Use: Potion            |     1 |       |     3 |     4 ||     8
         Scroll            |       |       |     6 |     8 ||    14
 Armour: Scale mail        |     2 |       |       |       ||     2
         Chain mail        |       |       |     7 |       ||     7
         Plate armour      |       |       |    12 |    60 ||    72
         Fire dragon scale |       |       |       |    35 ||    35
  Dodge: Dodged            |    12 |     2 |     8 |    38 ||    60
  Block: Buckler           |     8 |       |     8 |    33 ||    49
         Tower shield      |       |       |       |    46 ||    46

Table legend: (Time is in decaauts)
 A = Elapsed time spent in this place.
 B = Non-inter-level travel time spent in this place.
 C = Inter-level travel time spent in this place.
 D = Time resting spent in this place.
 E = Time spent auto-exploring this place.
 F = Levels seen in this place.
 G = Mean time per level.
                   A        B        C        D        E       F      G
               +--------+--------+--------+--------+--------+-----+--------+
         Total |   1942 |   1942 |      0 |    900 |      0 |   1 | 1942.0 |
       Dungeon |   1942 |   1942 |      0 |    900 |      0 |   1 | 1942.0 |
               +--------+--------+--------+--------+--------+-----+--------+

Top non-repeatable levels by time:
       D: 1942 daAuts
